Description

Thank you Jenasin

Replay - Eternal_Empire_LE_179

Build Order

Get SALT Encoding   

  12  0:00  Probe  
  13  0:13  Probe  
  14  0:20  Pylon  
  14  0:25  Probe  
  15  0:38  Probe (Chrono Boost)  
  15  0:41  Gateway  
  16  0:48  Probe x2 (Chrono Boost)  
  17  0:51  Assimilator  
  18  1:04  Probe  
  19  1:24  Nexus  
  19  1:26  Probe  
  20  1:37  Cybernetics Core  
  20  1:39  Probe  
  21  1:47  Pylon  
  21  1:51  Assimilator  
  21  1:57  Probe  
  22  2:10  Stalker (Chrono Boost)  
  22  2:13  Warp Gate  
  26  2:32  Gateway, Stalker (Chrono Boost)  
  31  2:58  Twilight Council  
  31  3:00  Stalker (Chrono Boost)  
  35  3:17  Pylon  
  37  3:24  Assimilator  
  37  3:26  Stalker  
  40  3:32  Blink (Chrono Boost)  
  44  3:55  Robotics Facility  
  45  3:56  Gateway  
  46  4:03  Stalker  
  48  4:14  Stalker  
  51  4:17  Pylon x2  
  51  4:22  Assimilator  
  53  4:31  Gateway  
  53  4:35  Stalker  
  56  4:42  Stalker  
  56  4:45  Observer  
  61  4:53  Stalker  
  63  5:00  Stalker  
  67  5:08  Warp Prism  
  67  5:12  Robotics Bay  
  73  5:24  Charge  
  74  5:58  Disruptor (Chrono Boost)  
  74  6:04  Gravitic Drive  
  77  6:12  Gateway x3  
  77  6:13  Nexus  
  77  6:14  Forge x2  
  79  6:26  Zealot x3  
  79  6:32  Disruptor (Chrono Boost)  
  88  6:45  Protoss Ground Weapons Level 1 (Chrono Boost)  
  88  6:48  Protoss Ground Armor Level 1 (Chrono Boost)  
  90  7:00  Disruptor (Chrono Boost)  
  93  7:08  Zealot x4  
  101  7:34  Disruptor  
  104  7:37  Zealot x3  
  117  8:06  Disruptor (Chrono Boost)  
  127  8:21  Assimilator x2  
  132  8:36  Warp Prism (Chrono Boost)  
  134  8:41  Templar Archives  
  134  8:45  Protoss Ground Armor Level 2 (Chrono Boost), Protoss Ground Weapons Level 2 (Chrono Boost)  
  125  9:04  Disruptor  
  139  9:40  Observer  
  135  9:51  Disruptor (Chrono Boost)  
Spawning Tool Build Advisor. Get it on Overwolf

Go to:

Details

  • Created by: Heeebs
  • Published on: Apr 09, 2020
  • Modified on: Apr 09, 2020
  • Patch: 4.11.0
Show
View Real Time Build Order
Export as new Build Order

Comments (0)

There are no comments. Be the first!

Create an account to comment!